 Dungeon Crawl Stone Soup version 0.26-a0-259-g1effd001a9 (webtiles) character file.

Game seed: 12160990145353250663

569 vurker the Chiller (level 7, 57/57 HPs)
             Began as a Green Draconian Ice Elementalist on July 15, 2020.
             Quit the game on level 6 of the Dungeon.
             The game lasted 00:06:03 (5780 turns).

vurker the Chiller (DrIE)                           Turns: 5780, Time: 00:06:03

Health: 57/57      AC:  9    Str: 10    XL:     7   Next: 11%
Magic:  13/13      EV: 12    Int: 20    God:
Gold:   216        SH:  0    Dex: 12    Spells: 2/14 levels left

rFire    . . .     SeeInvis .   w - +7 whip "Xakhlothri" {flame, Int+3}
rCold    . . .     Faith    .   (no shield)
rNeg     . . .     Spirit   .   (armour unavailable)
rPois    +         Reflect  .   (helmet restricted)
rElec    .         Harm     .   m - +2 cloak {rCorr}
rCorr    +                      (no gloves)
MR       .....                  (no boots)
Stlth    +++.......             (no amulet)
HPRegen  0.19/turn              k - ring of stealth
MPRegen  0.13/turn              o - ring of flight

@: no status effects
A: breathe noxious fumes, unfitting armour, poison resistance, cold-blooded, AC
+6
a: Breathe Noxious Fumes, Evoke Flight


You were on level 6 of the Dungeon.
You were not hungry.

You visited 1 branch of the dungeon, and saw 6 of its levels.

You collected 216 gold pieces.

Inventory:

Hand Weapons
 w - the +7 whip "Xakhlothri" (weapon) {flame, Int+3}
   (You found it on level 6 of the Dungeon)

   It has been specially enchanted to burn those struck by it, causing extra
   injury to most foes and up to half again as much damage against particularly
   susceptible opponents.
   It affects your intelligence (+3).
Armour
 m - a +2 cloak of preservation (worn)
   (You took it off Crazy Yiuf on level 2 of the Dungeon)
Jewellery
 k - a ring of stealth (left hand)
   (You found it on level 2 of the Dungeon)
 o - a ring of flight (right hand)
   (You found it on level 3 of the Dungeon)
 v - an uncursed amulet of faith {unknown}
   (You found it on level 4 of the Dungeon)
Wands
 c - a wand of disintegration (11)
   (You found it on level 3 of the Dungeon)
Scrolls
 b - a scroll of magic mapping {unknown}
 d - 4 scrolls of identify {unknown}
 g - 2 scrolls of immolation {unknown}
 h - 3 scrolls of enchant weapon {unknown}
 i - 5 scrolls of remove curse {unknown}
 n - a scroll of fog {unknown}
 q - 2 scrolls of fear {unknown}
 r - 2 scrolls of teleportation {unknown}
 s - a scroll of blinking {unknown}
Potions
 f - 2 potions of lignification {unknown}
 j - a potion of curing {unknown}
 l - 3 potions of haste {unknown}
 p - 3 potions of brilliance {unknown}
 t - a potion of degeneration {unknown}
 u - a potion of stabbing {unknown}
Comestibles
 e - 19 rations


   Skills:
 + Level 3.0 Fighting
 - Level 1.7 Dodging
 - Level 1.7 Stealth
 * Level 4.3 Spellcasting
 * Level 2.6 Conjurations
 * Level 1.3 Summonings
 * Level 5.9 Ice Magic


You had 2 spell levels left.
You knew the following spells:

 Your Spells              Type           Power        Failure   Level
a - Freeze                Ice            ####         1%          1
b - Frozen Ramparts       Ice            ####..       3%          3
c - Hailstorm             Conj/Ice       ###.....     22%         4
d - Summon Ice Beast      Ice/Summ       ###.....     28%         4

Your spell library contained the following spells:

 Spells                   Type           Power        Failure   Level
 Ozocubu's Armour         Chrm/Ice       ###.....     11%         3


Dungeon Overview and Level Annotations

Branches:
Dungeon (6/15)
 Temple: D:4-7

Altars:
Sif Muna
Yredelemnul

Annotations:
D:3 exclusion: door
D:5 Menkaure


Innate Abilities, Weirdness & Mutations

You can breathe blasts of noxious fumes.
Your lurid green scales are hard. (AC +6)
You cannot fit into any form of body armour.
Your system is resistant to poisons. (rPois)
You are cold-blooded and may be slowed by cold attacks.


Message History

A scorpion comes into view.
You hit the scorpion. You burn the scorpion.
You tail-slap the scorpion, but do no damage.
The scorpion misses you.
You barely miss the scorpion.
The scorpion stings you but does no damage. x2
Aim: a scorpion (heavily wounded)
You freeze the scorpion.
The scorpion stings you but does no damage.
Aim: a scorpion (heavily wounded)
You freeze the scorpion. The scorpion barely misses you.
Aim: a scorpion (severely wounded)
You freeze the scorpion. The scorpion stings you.
Aim: a scorpion (almost dead)
You freeze the scorpion!
You kill the scorpion!
You have reached level 7!
Your scales start taking on a lurid green colour.
You learn Poison Magic much quicker.
You can breathe blasts of noxious fumes.
You feel resistant to poisons.
Aim: a giant cockroach (asleep)
You freeze the giant cockroach. The giant cockroach barely misses you.
Aim: a giant cockroach (severely wounded)
You freeze the giant cockroach!
You kill the giant cockroach!
You can't see any susceptible monsters within range! (Use Z to cast anyway.)
Found 22 stones.
A bullfrog zombie comes into view.
The bullfrog zombie moves out of view.
The bullfrog zombie is too close now for your liking.
A bullfrog zombie is nearby!
A bullfrog zombie is nearby!
The bullfrog zombie hits you.
You hit the bullfrog zombie. You burn the bullfrog zombie.
The bullfrog zombie misses you.
The bullfrog zombie hits you but does no damage.
You hit the bullfrog zombie. You burn the bullfrog zombie.
The bullfrog zombie barely misses you.
You hit the bullfrog zombie. You burn the bullfrog zombie.
The bullfrog zombie barely misses you.
The bullfrog zombie hits you but does no damage.
You barely miss the bullfrog zombie.
The bullfrog zombie hits you but does no damage.
You whack the bullfrog zombie! You burn the bullfrog zombie.
You tail-slap the bullfrog zombie.
The bullfrog zombie hits you but does no damage.
You hit the bullfrog zombie. You burn the bullfrog zombie.
You destroy the bullfrog zombie!
Your Fighting skill increases to level

3! .........##
..........###
............### #
..........#...########..
..........###......(....
.........## #...###.....
.........# #...##......
.........# #...#.......
.........# ##..@.......
.........# #..........
##.......# #..........
##......# #..........
#.)....# ...........
####.....# ##.........#
.........## ##.......##
..........## #......##
...........##


There were no monsters in sight!

Vanquished Creatures
  A phantom (D:6)
  2 scorpions
  A bullfrog zombie (D:6)
  2 hounds
  2 orc wizards (D:4)
  Crazy Yiuf (D:2)
  Natasha (twice) (D:3)
  Terence (D:2)
  5 adders
  A shadow imp (D:6)
  3 worms
  A dart slug (D:1)
  2 leopard geckos
  8 orcs
  2 ball pythons (D:3)
  5 bats
  6 giant cockroaches
  9 goblins
  5 hobgoblins
  5 kobolds
  7 quokkas
  3 frilled lizards
  A leopard gecko skeleton (D:4)
  12 rats
87 creatures vanquished.

Notes
Turn   | Place    | Note
-------+----------+-------------------------------------------
     0 | D:1      | vurker the Draconian Ice Elementalist began the quest for
                  | the Orb.
     0 | D:1      | Reached XP level 1. HP: 14/14 MP: 3/3
   178 | D:1      | Reached XP level 2. HP: 22/22 MP: 0/5
  1077 | D:2      | Reached skill level 1 in Fighting
  1345 | D:2      | Reached XP level 3. HP: 27/28 MP: 4/6
  1375 | D:2      | Noticed Terence
  1382 | D:2      | Learned a level 3 spell: Frozen Ramparts
  1488 | D:2      | Killed Terence
  1906 | D:2      | Reached XP level 4. HP: 29/35 MP: 5/8
  1998 | D:2      | Found a runed translucent door.
  1999 | D:2      | Noticed Crazy Yiuf
  2680 | D:2      | Killed Crazy Yiuf
  2680 | D:2      | Reached skill level 5 in Ice Magic
  3006 | D:3      | Reached XP level 5. HP: 41/41 MP: 4/10
  3084 | D:3      | Learned a level 4 spell: Hailstorm
  3217 | D:3      | Noticed Natasha
  3229 | D:3      | Killed Natasha
  3316 | D:3      | Noticed Natasha
  3328 | D:3      | Killed Natasha
  3471 | D:3      | Found a shimmering blue altar of Sif Muna.
  3758 | D:4      | Reached skill level 1 in Conjurations
  3973 | D:4      | Reached XP level 6. HP: 35/50 MP: 0/11
  4516 | D:4      | Found a basalt altar of Yredelemnul.
  4619 | D:4      | Learned a level 4 spell: Summon Ice Beast
  4984 | D:5      | Entered Level 5 of the Dungeon
  4984 | D:5      | Noticed Menkaure
  5347 | D:6      | Got an encrusted whip
  5361 | D:6      | Identified the +7 whip "Xakhlothri" {flame, Int+3} (You
                  | found it on level 6 of the Dungeon)
  5556 | D:6      | Reached skill level 1 in Summonings
  5692 | D:6      | Your scales start taking on a lurid green colour.
  5692 | D:6      | Reached XP level 7. HP: 55/56 MP: 8/13
  5692 | D:6      | Gained mutation: Your system is resistant to poisons.
                  | (rPois) [Green Draconian growth]
  5780 | D:6      | Quit the game

Illustrated notes

Levels and vault maps discovered:
D:1:      dpeg_arrival_fog, layout_basic
D:2:      layout_loops_corners, uniq_crazy_yiuf_cottage, uniq_terence
D:3:      layout_rooms, led_sif_book, uniq_natasha
D:4:      minmay_general_purpose_star, layout_layer_cave,
          yredelemnul_altar_generic, first_ration, minmay_quadrilaterals
D:5:      layout_loops_cross, kiku_gazebo_garden_becter,
          minmay_temple_entry_antechambers, serial_glass, glass_columns_a,
          glass_columns_a, glass_columns_b, glass_columns_c, glass_columns_b,
          glass_columns_a, glass_columns_a, glass_columns_b, feat_on_display,
          item_on_display_a, item_on_display_a, glass_columns_a, uniq_menkaure
D:6:      layout_cave_pods, trog_ov_bears_minmay

Skill      XL: |  1  2  3  4  5  6  7 |
---------------+----------------------+-----
Fighting       | 1 2 3 |  3.0
Spellcasting   | 3 4 |  4.3
Ice Magic      | 5 |  5.9
Conjurations   | 1 2 |  2.6
Summonings     | 1 |  1.3
Dodging        | |  1.7
Stealth        | |  1.7

Action                   |  1- 3 |  4- 6 |  7- 9 || total
-------------------------+-------+-------+-------++-------
Melee: Dagger            |    67 |    50 |       ||   117
       Unarmed           |     3 |       |       ||     3
       Tailslap          |     3 |     5 |     1 ||     9
       Whip              |       |    10 |     6 ||    16
 Cast: Freeze            |    34 |    64 |     3 ||   101
       Frozen Ramparts   |     1 |     9 |       ||    10
       Summon Ice Beast  |       |     1 |       ||     1
 Stab: Sleeping          |     1 |     6 |       ||     7
  Eat: Ration            |     1 |     4 |       ||     5
Armor: Skin              |    29 |    30 |     4 ||    63
Dodge: Dodged            |    51 |    58 |     4 ||   113

Table legend:
 A = Non-vault XP
 B = Vault XP
 C = Vault XP percentage of total XP
 D = Non-vault monster count
 E = Vault monster count
 F = Vault count percentage of total count
                 A         B        C        D         E       F
            +---------+---------+-------+---------+---------+-------
      Total |     577 |     236 |  29.0 |      79 |       8 |   9.2
            +---------+---------+-------+---------+---------+-------
        D:1 |      28 |       0 |   0.0 |      17 |       0 |   0.0
        D:2 |      81 |      76 |  48.4 |      27 |       2 |   6.9
        D:3 |      79 |      36 |  31.3 |      20 |       1 |   4.8
        D:4 |     106 |     124 |  53.9 |       7 |       5 |  41.7
        D:5 |       2 |       0 |   0.0 |       1 |       0 |   0.0
        D:6 |     281 |       0 |   0.0 |       7 |       0 |   0.0
            +---------+---------+-------+---------+---------+-------
